 Dungeon Sprint DCSS version 0.22.1-2-g9c5b331 (webtiles) character file.

36688 diana the Warrior (level 13, -6/129 HPs)
             Began as a Vine Stalker Gladiator on Dec 16, 2018.
             Was a High Priest of Okawaru.
             Mangled by a profane servitor
             ... wielding a +3 whip of draining
              (16 damage)
             ... in the Dungeon (Sprint VII: "The Pits").
             The game lasted 00:15:02 (2549 turns).

diana the Warrior (Vine Stalker Gladiator)          Turns: 2549, Time: 00:15:03

Health: -6/129     AC: 23    Str: 31    XL:     13   Next: 91%
Magic:  0/29       EV: 12    Int: 10    God:    Okawaru [*****.]
Gold:   12         SH:  0    Dex: 16    Spells: 12/12 levels left

rFire    . . .     SeeInvis .   w - +4 quarterstaff (speed)
rCold    + . .     Gourm    .   (shield currently unavailable)
rNeg     . . .     Faith    .   I - +10 ring mail of Integrity {+Inv MP+9 Str+4 Int+2}
rPois    .         Spirit   +   c - +0 helmet
rElec    .         Reflect  .   (no cloak)
rCorr    .         Harm     .   z - +0 pair of gloves
MR       +....     NoTele   +   (no boots)
Stlth    ..........             (no amulet)
HPRegen  1.11/turn              l - +3 ring of protection
MPRegen  0.21/turn              s - +3 ring of protection

@: berserking, heroism, wreathed by umbra, extremely drained, very quick
A: fangs 3, talons 1, cold resistance 1, mutation resistance 1, regeneration 2,
magic shield, antimagic bite, no potion heal 3, rot immunity, MP-powered wands
a: Heroism, Finesse, Renounce Religion, Evoke Invisibility


You were in the Dungeon.
You worshipped Okawaru.
Okawaru was extremely pleased with you.
You were very hungry.

You visited 1 branch You collected 12 gold pieces.

Inventory:

Hand Weapons
 w - a +4 quarterstaff of speed (weapon)
 x - the +9 hand crossbow of Okawaru's Fury {elec, Int+4}
   (Okawaru gifted it to you in the Dungeon)

   It charges the ammunition it shoots with electricity; occasionally upon a
   hit, such missiles may discharge and cause terrible harm.
   It affects your intelligence (+4).
Missiles
 d - 2 throwing nets (quivered)
 H - 31 bolts
Armour
 c - a +0 helmet (worn)
 z - a +0 pair of gloves (worn)
 I - the +10 ring mail of Integrity (worn) {+Inv MP+9 Str+4 Int+2}
   (Okawaru gifted it to you in the Dungeon)

   It affects your strength (+4).
   It affects your intelligence (+2).
   It affects your magic capacity (+9).
   It lets you turn invisible.
Jewellery
 l - a +3 ring of protection (left hand)
 s - a +3 ring of protection (right hand)
 B - an uncursed ring of protection from fire
Scrolls
 k - 3 scrolls of blinking
 n - 4 scrolls of remove curse
 o - 5 scrolls of amnesia
 p - a scroll of summoning
 q - 2 scrolls of identify
 r - a scroll of silence
 D - 2 scrolls of fear
 E - 2 scrolls of enchant weapon
 F - 2 scrolls of enchant armour
 G - 2 scrolls of fog
Potions
 e - 7 potions of curing
 g - 14 potions of heal wounds
 h - 2 potions of haste
 i - 4 potions of magic
 m - 2 potions of invisibility
 t - a potion of brilliance
 u - 5 potions of agility
 v - a potion of mutation
 C - a potion of might
Comestibles
 f - 13 rations


   Skills:
 + Level 18.4(5.4) Fighting
 - Level 14.2(2.6) Staves
 + Level 9.8(0.0) Crossbows
 - Level 1.7(0.0) Throwing
 + Level 13.7(2.3) Armour
 + Level 13.9(2.4) Dodging
 - Level 8.3(0.0) Invocations


You had 12 spell levels left.
You didn't know any spells.
Your spell library was empty.

Dungeon Overview and Level Annotations

Branches:
Dungeon (1/1)

Altars:
Ashenzari
Cheibriados
Dithmenos
Elyvilon
Fedhas
Gozag
Hepliaklqana
Kikubaaqudgha
Makhleb
Nemelex Xobeh
Okawaru
Qazlal
Ru
Sif Muna
Trog
Uskayaw
Vehumet
Wu Jian
Xom
Yredelemnul
Zin
The Shining One
Beogh
Jiyva
Lugonu


Innate Abilities, Weirdness & Mutations

You have razor-sharp teeth.
You heal very quickly.
When hurt, damage is shared between your health and your magic reserves.
Your bite disrupts and absorbs the magic of your enemies.
Potions cannot restore your health.
You are immune to rotting.
You have sharp toenails.
Your flesh is cold resistant. (rC+)
You are somewhat resistant to further mutation.
You expend magic power (3 MP) to strengthen your wands.


Message History

You feel drained.
The profane servitor hits you but does no damage.
You feel drained.
You sock the profane servitor! Your kick misses the profane servitor.
Your bite misses the profane servitor.
The profane servitor is almost destroyed.
The profane servitor hits you but does no damage.
You feel drained.
The profane servitor hits you with a whip of draining!
* * * LOW HITPOINT WARNING * * *
You feel drained.
* * * LOW HITPOINT WARNING * * *
You feel drained.
You barely miss the profane servitor. Your kick misses the profane servitor.
Your bite misses the profane servitor.
The profane servitor is almost destroyed.
You sock the profane servitor! You claw the profane servitor!
The profane servitor is almost destroyed.
The profane servitor hits you with a whip of draining!!
You die...

#+# #A# #@# #.#
#'#
################'#
.................#
.................#
+##############..#
#..# #..#


You could see a profane servitor.

Vanquished Creatures
  A quicksilver dragon (D)
  A nagaraja (D)
  2 ghost moths (D)
  A cacodemon (D)
  An emperor scorpion (D)
  2 spriggan defenders (D)
  Azrael (D)
  A green draconian (D)
  An ogre mage (D)
  A great orb of eyes (D)
  An ice dragon (D)
  An alligator snapping turtle (D)
  6 two-headed ogres (D)
  5 death yaks (D)
  A vampire mage (D)
  A spriggan berserker (D)
  A sea snake (D)
  A deep troll (D)
  2 swamp dragons (D)
  A wizard (D)
  An orc knight (D)
  A deep elf mage (D)
  2 smoke demons (D)
  A black mamba (D)
  2 gargoyles (D)
  A yaktaur (D)
  3 freezing wraiths (D)
  An efreet (D)
  3 rime drakes (D)
  2 guardian mummies (D)
  2 ice devils (D)
  A troll (D)
  A hornet (D)
  A merfolk (D)
  5 slime creatures (D)
  A polar bear (D)
  Grinder (D)
  A hippogriff (D)
  A redback (D)
  2 flying skulls (D)
  A shadow (D)
  2 fire bats (D)
  4 fire elementals (D)
  A steam dragon (D)
  4 vampire mosquitoes (D)
  An acid dragon (D)
  Edmund (D)
  3 hell hounds (D)
  A porcupine (D)
  A floating eye (D)
  3 orc warriors (D)
  A small abomination (D)
  3 swamp drakes (D)
  A necrophage (D)
  An eye of draining (D)
  A phantom (D)
  6 wolves (D)
  An ogre (D)
  A bullfrog (D)
  3 killer bees (D)
  A crimson imp (D)
  A quasit (D)
  An orc priest (D)
  4 orc wizards (D)
  A gnoll shaman (D)
  An iguana (D)
  An iron imp (D)
  Jessica (D)
  A hell rat (D)
  A mummy (D)
  6 gnolls (D)
  2 adders (D)
  A river rat (D)
  An ooze (D)
  An adder skeleton (D)
  A worm (D)
  2 adder simulacra (D)
  9 orcs (D)
  A ball python (D)
  2 bats (D)
  A giant cockroach (D)
  A goblin (D)
  A hobgoblin (D)
  2 quokkas (D)
  A frilled lizard (D)
150 creatures vanquished.

Vanquished Creatures (others)
  An orc wizard (D)
  An orc (D)
2 creatures vanquished.

Grand Total: 152 creatures vanquished

Notes
Turn   | Place    | Note
-------+----------+-------------------------------------------
     0 | D        | diana the Vine Stalker Gladiator began the quest for the
                  | Orb.
     0 | D        | Reached XP level 1. HP: 11/11 MP: 2/2
     8 | D        | Noticed a floating eye
    12 | D        | Killed a floating eye
    12 | D        | Reached skill level 4 in Fighting
    12 | D        | Reached XP level 2. HP: 18/18 MP: 3/3
    12 | D        | Reached XP level 3. HP: 22/22 MP: 4/4
    12 | D        | Gained mutation: Your natural rate of healing is unusually
                  | fast. [Vine Stalker growth]
    12 | D        | Reached XP level 4. HP: 26/26 MP: 5/5
    42 | D        | Found a glowing golden altar of the Shining One.
    42 | D        | Found a glowing silver altar of Zin.
    42 | D        | Found a basalt altar of Yredelemnul.
    42 | D        | Found a shimmering altar of Xom.
    42 | D        | Found an ornate altar of the Wu Jian Council.
    42 | D        | Found a bloodstained altar of Trog.
    42 | D        | Found a deep blue altar of Sif Muna.
    42 | D        | Found a sacrificial altar of Ru.
    42 | D        | Found a stormy altar of Qazlal.
    42 | D        | Found an iron altar of Okawaru.
    42 | D        | Found a sparkling altar of Nemelex Xobeh.
    42 | D        | Found a burning altar of Makhleb.
    42 | D        | Found a viscous altar of Jiyva.
    42 | D        | Found a hazy altar of Hepliaklqana.
    42 | D        | Found an opulent altar of Gozag.
    42 | D        | Found a blossoming altar of Fedhas.
    42 | D        | Found a white marble altar of Elyvilon.
    42 | D        | Found a shadowy altar of Dithmenos.
    42 | D        | Found a snail-covered altar of Cheibriados.
    43 | D        | Found a radiant altar of Vehumet.
    43 | D        | Found a corrupted altar of Lugonu.
    43 | D        | Found a roughly hewn altar of Beogh.
    44 | D        | Found an ancient bone altar of Kikubaaqudgha.
    44 | D        | Found a hide-covered altar of Uskayaw.
    44 | D        | Found a shattered altar of Ashenzari.
    50 | D        | Became a worshipper of Warmaster Okawaru
    66 | D        | Reached skill level 5 in Fighting
   100 | D        | Reached skill level 1 in Invocations
   113 | D        | Reached XP level 5. HP: 30/30 MP: 6/6
   208 | D        | Noticed a fire bat
   218 | D        | Killed a fire bat
   218 | D        | Reached skill level 6 in Fighting
   218 | D        | Reached XP level 6. HP: 26/37 MP: 5/10
   264 | D        | Noticed a fire bat
   277 | D        | Killed a fire bat
   277 | D        | Reached * piety under Okawaru
   277 | D        | Reached skill level 7 in Fighting
   277 | D        | Reached skill level 10 in Staves
   277 | D        | Reached XP level 7. HP: 33/42 MP: 7/11
   331 | D        | Noticed Grinder
   342 | D        | Killed Grinder
   342 | D        | Reached skill level 8 in Fighting
   343 | D        | Noticed a freezing wraith
   354 | D        | Killed a freezing wraith
   354 | D        | Reached skill level 9 in Fighting
   354 | D        | Gained mutation: You have razor-sharp teeth. [Vine Stalker
                  | growth]
   354 | D        | Reached XP level 8. HP: 8/49 MP: 1/12
   441 | D        | Noticed a hornet
   447 | D        | Killed a hornet
   452 | D        | Reached ** piety under Okawaru
   615 | D        | Noticed a hippogriff
   620 | D        | Killed a hippogriff
   620 | D        | Reached skill level 10 in Fighting
   630 | D        | Noticed a polar bear
   630 | D        | Noticed a guardian mummy
   642 | D        | Killed a guardian mummy
   642 | D        | Reached XP level 9. HP: 55/55 MP: 13/13
   645 | D        | Killed a polar bear
   645 | D        | Reached *** piety under Okawaru
   645 | D        | Reached skill level 11 in Fighting
   668 | D        | Reached skill level 12 in Fighting
   698 | D        | Noticed a great orb of eyes
   708 | D        | Killed a great orb of eyes
   708 | D        | Received a gift from Okawaru
   708 | D        | Reached skill level 5 in Invocations
   725 | D        | Noticed a smoke demon
   735 | D        | Killed a smoke demon
   735 | D        | Reached **** piety under Okawaru
   735 | D        | Reached skill level 13 in Fighting
   735 | D        | Reached XP level 10. HP: 47/64 MP: 12/15
   771 | D        | Noticed an ice dragon
   797 | D        | Killed an ice dragon
   797 | D        | Reached skill level 5 in Dodging
  1120 | D        | Noticed Edmund
  1125 | D        | Reached ***** piety under Okawaru
  1133 | D        | Killed Edmund
  1133 | D        | Reached skill level 5 in Armour
  1136 | D        | Noticed a deep troll
  1144 | D        | Killed a deep troll
  1144 | D        | Received a gift from Okawaru
  1147 | D        | Noticed a gargoyle
  1154 | D        | Killed a gargoyle
  1265 | D        | HP: 3/97 [something (10)]
  1270 | D        | Killed a ghost moth
  1270 | D        | Reached skill level 14 in Fighting
  1270 | D        | Reached XP level 11. HP: 4/70 MP: 16/18
  1381 | D        | Noticed Jessica
  1400 | D        | Killed Jessica
  1416 | D        | Noticed a death yak
  1416 | D        | Noticed a death yak
  1416 | D        | Noticed a death yak
  1416 | D        | Noticed a death yak
  1418 | D        | Noticed a death yak
  1426 | D        | Killed a death yak
  1441 | D        | Killed a death yak
  1465 | D        | Killed a ghost moth
  1465 | D        | Received a gift from Okawaru
  1465 | D        | Reached skill level 15 in Fighting
  1473 | D        | Killed a death yak
  1482 | D        | Killed a death yak
  1506 | D        | Killed a death yak
  1506 | D        | Reached ****** piety under Okawaru
  1574 | D        | Noticed a two-headed ogre
  1599 | D        | Killed a two-headed ogre
  1599 | D        | Reached skill level 10 in Dodging
  1625 | D        | Gained mutation: You heal very quickly. [Vine Stalker
                  | growth]
  1625 | D        | Reached XP level 12. HP: 77/77 MP: 19/19
  1643 | D        | Reached skill level 10 in Armour
  1677 | D        | Reached skill level 16 in Fighting
  1689 | D        | Noticed Azrael
  1715 | D        | Received a gift from Okawaru
  1726 | D        | Killed Azrael
  1737 | D        | Got a brightly glowing hand crossbow {god gift}
  1741 | D        | Identified the +9 hand crossbow of Okawaru's Fury {elec,
                  | Int+4} (Okawaru gifted it to you in the Dungeon)
  1786 | D        | Reached skill level 1 in Crossbows
  1886 | D        | Gained mutation: You have sharp toenails. [potion of
                  | mutation]
  1886 | D        | Gained mutation: Your flesh is cold resistant. (rC+)
                  | [potion of mutation]
  1886 | D        | Gained mutation: You are somewhat resistant to further
                  | mutation. [potion of mutation]
  1886 | D        | Gained mutation: You expend magic power (3 MP) to
                  | strengthen your wands. [potion of mutation]
  1938 | D        | Noticed a two-headed ogre
  1942 | D        | Noticed a spriggan defender
  1944 | D        | Noticed a two-headed ogre
  1947 | D        | Killed a two-headed ogre
  1953 | D        | Killed a spriggan defender
  1953 | D        | Received a gift from Okawaru
  1960 | D        | Killed a two-headed ogre
  1963 | D        | Received a gift from Okawaru
  1963 | D        | Reached skill level 17 in Fighting
  1974 | D        | Noticed an alligator snapping turtle
  1996 | D        | Killed an alligator snapping turtle
  1998 | D        | Noticed a two-headed ogre
  2001 | D        | Killed a two-headed ogre
  2001 | D        | Reached skill level 5 in Crossbows
  2001 | D        | Noticed a two-headed ogre
  2005 | D        | Killed a two-headed ogre
  2005 | D        | Reached XP level 13. HP: 70/84 MP: 20/20
  2021 | D        | Noticed a quicksilver dragon
  2044 | D        | Killed a quicksilver dragon
  2045 | D        | Noticed a nagaraja
  2055 | D        | Killed a nagaraja
  2055 | D        | Received a gift from Okawaru
  2056 | D        | Got a bronze ring mail {god gift}
  2062 | D        | Noticed an emperor scorpion
  2082 | D        | Killed an emperor scorpion
  2082 | D        | Noticed an ogre mage
  2093 | D        | Killed an ogre mage
  2097 | D        | Reached skill level 18 in Fighting
  2211 | D        | Got the +1 chain mail of the Oligarchy {*Corrode rElec MR+
                  | Dex+5}
  2222 | D        | Identified the +10 ring mail of Integrity {+Inv MP+9 Str+4
                  | Int+2} (Okawaru gifted it to you in the Dungeon)
  2345 | D        | Noticed a green draconian
  2345 | D        | Noticed a spriggan defender
  2372 | D        | Killed a spriggan defender
  2396 | D        | Killed a green draconian
  2473 | D        | Noticed a cacodemon
  2487 | D        | Killed a cacodemon
  2490 | D        | Noticed a profane servitor
  2549 | D        | Mangled by a profane servitor

Skill      XL: |  1  2  3  4  5  6  7  8  9 10 11 12 13 |
---------------+----------------------------------------+-----
Fighting       | 4 5 6 7 9 10 13 14 15 17 18 | 18.4
Staves         | 7 9 10 12 14 | 14.2
Invocations    | 1 4 6 8 |  8.3
Armour         | 3 6 9 12 13 | 13.7
Dodging        | 4 7 10 12 13 | 13.9
Crossbows      | 5 9 |  9.8
Throwing       | |  1.7

Action                   |  1- 3 |  4- 6 |  7- 9 | 10-12 | 13-15 || total
-------------------------+-------+-------+-------+-------+-------++-------
Melee: Quarterstaff      |     3 |    32 |   102 |   381 |   212 ||   730
       Bite              |     2 |     8 |    32 |   167 |    74 ||   283
       Kick              |       |       |       |    27 |    82 ||   109
Throw: Throwing net      |       |       |       |     3 |     1 ||     4
Invok: Heroism           |       |       |     3 |    10 |     4 ||    17
       Finesse           |       |       |       |     5 |     3 ||     8
  Use: Potion            |       |       |     1 |     3 |     3 ||     7
 Stab: Confused          |       |       |       |     2 |       ||     2
       Sleeping          |       |       |       |       |     1 ||     1
  Eat: Chunk             |       |       |       |     1 |       ||     1
       Ration            |       |       |       |     1 |       ||     1
Armor: Scale mail        |       |    14 |    40 |       |       ||    54
       Leather armour    |       |     2 |       |       |       ||     2
       Chain mail        |       |       |    22 |    96 |    36 ||   154
       Ring mail         |       |       |       |       |    28 ||    28
Dodge: Dodged            |       |    23 |    46 |   129 |    78 ||   276
